Map: Glittering Ashes LE

Players

MindGrapes - Winner!

  • Race: Zerg Zerg
  • League: Master
  • Spawn Location: 7:00

AniketosMav

  • Race: Protoss Protoss
  • League: Master
  • Spawn Location: 1:00

VOD

Have the link to the VOD?

Description

Time

  • Played on: July 10, 2022, 12:09 a.m.
  • Length: 16:44
Show
View Real Time Build Order
Export as new Build Order

MindGrapes Zerg - Winner!

Build Orders: Hatch First 

Get SALT Encoding   

  12  0:00  Drone  
  13  0:12  Overlord  
  13  0:17  Drone  
  14  0:31  Drone x2  
  16  0:47  Hatchery  
  15  0:51  Drone  
  15  0:56  Drone  
  17  0:58  Drone  
  18  1:08  Drone  
  19  1:16  Spawning Pool  
  18  1:19  Drone  
  19  1:28  Drone  
  20  1:41  Hatchery  
  20  1:43  Drone  
  20  1:50  Drone  
  21  2:00  Drone  
  22  2:03  Queen  
  22  2:08  Queen  
  24  2:13  Overlord  
  26  2:30  Drone x2  
  26  2:35  Drone x2  
  26  2:36  Drone x2  
  32  2:44  Queen  
  32  2:48  Zergling x4  
  36  2:52  Queen  
  36  2:56  Zergling x4  
  40  3:02  Spine Crawler  
  39  3:09  Extractor  
  38  3:14  Spine Crawler  
  38  3:16  Spine Crawler x2, Drone  
  38  3:17  Drone  
  37  3:20  Drone  
  37  3:22  Drone  
  37  3:24  Drone  
  40  3:34  Spore Crawler  
  40  3:35  Spore Crawler  
  40  3:38  Drone x3  
  41  3:49  Overlord  
  41  3:53  Overlord  
  41  4:05  Drone  
  41  4:06  Spine Crawler  
  41  4:07  Queen  
  43  4:21  Metabolic Boost  
  43  4:30  Queen  
  43  4:31  Queen  
  44  4:46  Zergling x2  
  44  4:47  Zergling x20  
  44  4:50  Spore Crawler  
  54  5:12  Zergling x2  
  54  5:13  Zergling x6  
  58  5:14  Overlord x3  
  58  5:27  Overlord x3  
  58  5:43  Zergling x20  
  68  5:52  Zergling x4  
  68  5:53  Zergling x2  
  61  6:04  Drone x3  
  61  6:05  Drone  
  61  6:11  Zergling x2  
  49  6:40  Zergling x18  
  49  6:41  Zergling x8  
  49  6:45  Hatchery  
  54  6:48  Extractor  
  50  6:57  Queen  
  50  6:59  Zergling x6  
  50  7:00  Zergling x2  
  56  7:02  Spine Crawler  
  56  7:06  Drone x2  
  57  7:15  Drone x3  
  60  7:18  Lair  
  47  7:50  Zergling x2  
  47  7:51  Zergling x28  
  62  8:13  Extractor x2, Drone  
  62  8:14  Drone x3  
  62  8:18  Drone x2  
  62  8:19  Drone x2, Spire  
  67  8:21  Drone  
  68  8:45  Drone  
  68  8:46  Drone x2  
  68  8:47  Drone x8  
  79  8:50  Overlord  
  79  9:04  Queen  
  79  9:07  Drone x5  
  86  9:12  Overseer  
  86  9:19  Drone  
  86  9:20  Drone  
  86  9:21  Overlord x2  
  88  9:29  Evolution Chamber  
  87  9:55  Extractor  
  87  9:56  Mutalisk  
  87  9:57  Mutalisk x2, Extractor  
  87  9:58  Hatchery  
  90  10:00  Overlord x2  
  90  10:01  Overlord x4  
  90  10:18  Zerg Flyer Weapons Level 1  
  90  10:21  Mutalisk x7  
  104  10:31  Roach Warren  
  103  10:37  Mutalisk x2  
  99  11:10  Glial Reconstitution, Zerg Missile Weapons Level 1  
  99  11:11  Roach  
  99  11:12  Roach x10  
  121  11:25  Infestation Pit  
  120  11:26  Drone x4  
  120  11:27  Drone x2  
  120  11:28  Drone  
  120  11:31  Roach x4  
  135  11:44  Roach x4  
  135  11:46  Zergling x2  
  144  11:50  Overlord x5  
  144  11:51  Overlord  
  144  11:53  Overlord x2  
  142  11:58  Spine Crawler  
  142  12:00  Spine Crawler  
  138  12:03  Roach x3  
  138  12:21  Roach x7  
  138  12:22  Roach x3  
  119  12:32  Roach x5  
  106  12:50  Roach x5  
  100  12:54  Ravager x2  
  100  12:55  Ravager x2  
  93  13:08  Roach x5  
  86  13:52  Hatchery  
  79  14:29  Hatchery  
Show
View Real Time Build Order
Export as new Build Order

AniketosMav Protoss 

Build Orders: 1 Gate Expand, Double Forge, Oracle Opening 

Get SALT Encoding   

  12  0:00  Probe  
  13  0:13  Probe  
  14  0:20  Pylon  
  14  0:25  Probe  
  15  0:38  Probe (Chrono Boost)  
  16  0:43  Gateway  
  16  0:48  Probe (Chrono Boost)  
  17  0:53  Probe (Chrono Boost), Assimilator  
  18  1:04  Probe  
  19  1:16  Probe  
  20  1:28  Probe, Nexus  
  21  1:38  Cybernetics Core  
  21  1:40  Probe  
  21  1:45  Assimilator  
  22  1:52  Pylon  
  22  1:55  Probe  
  23  2:10  Probe  
  23  2:13  Adept (Chrono Boost)  
  24  2:16  Warp Gate  
  24  2:19  Pylon  
  24  2:22  Probe  
  27  2:34  Probe (Chrono Boost)  
  27  2:36  Stalker  
  30  2:40  Stargate  
  30  2:43  Probe (Chrono Boost)  
  31  2:47  Probe (Chrono Boost)  
  32  2:54  Probe x2 (Chrono Boost)  
  34  2:59  Probe  
  34  3:03  Probe (Chrono Boost)  
  36  3:11  Probe (Chrono Boost)  
  36  3:12  Gateway  
  38  3:21  Probe (Chrono Boost)  
  38  3:22  Probe (Chrono Boost), Twilight Council  
  39  3:27  Probe (Chrono Boost)  
  39  3:28  Probe (Chrono Boost), Oracle (Chrono Boost)  
  39  3:33  Pylon  
  44  3:37  Probe  
  45  3:46  Probe  
  46  3:50  Probe  
  47  3:57  Forge  
  47  4:02  Oracle (Chrono Boost)  
  49  4:07  Shield Battery  
  49  4:08  Stalker  
  49  4:09  Shield Battery  
  51  4:11  Pylon  
  51  4:12  Shield Battery  
  51  4:13  Stalker, Shield Battery  
  53  4:20  Assimilator  
  53  4:24  Shield Battery, Assimilator  
  53  4:44  Stalker  
  53  4:45  Stalker  
  57  4:50  Forge  
  57  5:01  Robotics Facility  
  57  5:02  Probe  
  58  5:09  Cybernetics Core  
  58  5:15  Photon Cannon  
  58  5:16  Pylon  
  58  5:19  Photon Cannon  
  56  5:47  Stalker  
  50  5:51  Stalker  
  50  6:01  Immortal (Chrono Boost)  
  50  6:02  Shield Battery, Probe, Photon Cannon  
  50  6:03  Probe  
  54  6:12  Void Ray  
  54  6:14  Probe  
  54  6:17  Blink (Chrono Boost)  
  55  6:19  Gateway  
  55  6:20  Gateway, Protoss Ground Weapons Level 1  
  55  6:24  Gateway  
  55  6:47  Pylon  
  53  6:54  Immortal  
  60  7:04  Void Ray  
  60  7:06  Photon Cannon  
  60  7:07  Photon Cannon  
  59  7:10  Shield Battery  
  59  7:13  Pylon  
  58  7:17  Stalker  
  58  7:19  Stalker  
  58  7:53  Pylon  
  58  8:10  Pylon  
  58  8:11  Pylon  
  62  8:14  Warp Prism  
  62  8:16  Stalker  
  62  8:21  Pylon  
  62  8:23  Pylon  
  62  8:29  Nexus  
  62  8:39  Templar Archives  
  62  8:57  Stalker  
  62  8:58  Stalker  
  66  9:04  Stalker  
  68  9:26  Gateway  
  68  9:34  Gateway  
  68  9:42  High Templar  
  68  9:43  High Templar  
  72  9:49  Archon  
  72  9:50  High Templar  
  74  9:57  Gateway  
  74  10:01  Observer (Chrono Boost)  
  75  10:08  High Templar x2  
  75  10:14  Assimilator  
  79  10:17  High Templar  
  81  10:33  Zealot x2  
  85  10:43  High Templar x2  
  85  10:49  Archon  
  89  10:53  Zealot  
  89  10:54  Zealot x2  
  95  11:07  Zealot  
  95  11:08  Archon x2  
  97  11:17  Zealot x2  
  101  11:22  Pylon  
  101  11:24  Pylon  
  101  11:25  Pylon  
  101  11:27  Pylon  
  101  11:30  Pylon  
  101  11:32  Pylon  
  101  11:47  High Templar x4  
  101  11:48  Zealot x2  
  105  11:59  Archon  
  105  12:00  Archon  
  89  12:06  Photon Cannon  
  89  12:07  Photon Cannon  
  76  12:24  Stalker  
Tags
 
Add a new tag
Caveats
  • Supply blocks, unpowered buildings, or Contaminate may cause inaccurate times.
  • Supply counts are checked every 10 seconds.